 Dungeon Crawl Stone Soup version 0.27-a0-1312-g5cdb2b3542 (webtiles) character file.

Game seed: 1183922208785181863

27 bobarctor the Grave Robber (level 2, 0/15 HPs)
             Began as a Deep Elf Necromancer on June 19, 2021.
             Slain by an adder (2 damage)
             ... on level 2 of the Dungeon.
             The game lasted 00:04:45 (1435 turns).

bobarctor the Grave Robber (Deep Elf Necromancer)   Turns: 1435, Time: 00:04:47

Health: 0/15       AC:  2    Str:  5    XL:     2   Next: 93%
Magic:  4/9        EV: 12    Int: 19    God:
Gold:   54         SH:  0    Dex: 15    Spells: 7/9 levels left

rFire    . . .     SeeInvis .   g - +2 dagger (speed)
rCold    . . .     Faith    .   (no shield)
rNeg     . . .     Spirit   .   a - +0 robe
rPois    .         Reflect  .   (no helmet)
rElec    .         Harm     .   (no cloak)
rCorr    .         Rampage  .   (no gloves)
Will     .....                  (no boots)
Stlth    ++........             (no amulet)
HPRegen  0.05/turn              (no ring)
MPRegen  0.11/turn              (no ring)

@: lethally poisoned (0 -> -7)
A: no striking features
a: no special abilities


You were on level 2 of the Dungeon.
You visited 1 branch of the dungeon, and saw 2 of its levels.

You collected 54 gold pieces.

Inventory:

Hand Weapons
 b - a +0 club
 g - a +2 dagger of speed (weapon)
 k - a +0 whip of holy wrath
Missiles
 c - 60 stones (quivered)
 i - 27 arrows
Armour
 a - a +0 robe (worn)
Scrolls
 d - a scroll of identify {unknown}
 e - a scroll of enchant weapon {unknown}
 f - a scroll of teleportation {unknown}
Potions
 h - 2 potions of lignification {unknown}
 j - a potion of brilliance {unknown}


   Skills:
 + Level 2.5 Dodging
 + Level 2.4 Stealth
 * Level 4.0 Spellcasting
 + Level 5.4 Necromancy


You had 7 spell levels left.
You knew the following spells:

 Your Spells              Type           Power      Damage    Failure   Level
a - Pain                  Necr           96%        1d8       1%          1
b - Animate Skeleton      Necr           48%        N/A       1%          1

Your spell library contained the following spells:

 Spells                   Type           Power      Damage    Failure   Level
 Vampiric Draining        Necr           12%        2d7       4%          3
 Animate Dead             Necr           12%        N/A       14%         4
 Agony                    Necr           24%        N/A       38%         5


Dungeon Overview and Level Annotations

Branches:
Dungeon (2/15)

Altars:


Message History

c - 60 stones (gained 5)
Things that are here:
a +0 whip of holy wrath; a kobold corpse
k - a +0 whip of holy wrath An adder is nearby!
Casting: Pain (safe; 1% risk of failure)
Confirm with . or Enter, or press ? or * to list all spells.
Aiming: Pain (safe; 1% risk of failure)
Press: ? - help, Shift-Dir - straight line, f - adder
Aim: an adder (asleep, chance to affect: 88%)
The adder hisses angrily.
The adder writhes in agony.
Casting: Pain (safe; 1% risk of failure)
Confirm with . or Enter, or press ? or * to list all spells.
Aiming: Pain (safe; 1% risk of failure)
Press: ? - help, Shift-Dir - straight line, f/p - adder
Aim: an adder (lightly wounded, chance to affect: 88%)
The adder writhes in agony.
The adder bites you. x2
Casting: Pain (safe; 1% risk of failure)
Confirm with . or Enter, or press ? or * to list all spells.
Aiming: Pain (safe; 1% risk of failure)
Press: ? - help, Shift-Dir - straight line, f/p - adder
Aim: an adder (moderately wounded, chance to affect: 88%)
The adder writhes in agony.
The adder barely misses you.
Casting: Pain (safe; 1% risk of failure)
Confirm with . or Enter, or press ? or * to list all spells.
Aiming: Pain (safe; 1% risk of failure)
Press: ? - help, Shift-Dir - straight line, f/p - adder
Aim: an adder (heavily wounded, chance to affect: 88%)
The adder writhes in agony.
The adder barely misses you.
Casting: Pain (safe; 1% risk of failure)
Confirm with . or Enter, or press ? or * to list all spells.
Aiming: Pain (safe; 1% risk of failure)
Press: ? - help, Shift-Dir - straight line, f/p - adder
Aim: an adder (almost dead, chance to affect: 88%)
The adder barely resists.
The adder bites you.
* * * LOW HITPOINT WARNING * * *
You are lethally poisoned!
The adder poisons you! The adder bites you.
You die...

#### .... .....
..... ...... #..
......### #..
......S.# ... #@#
#.#### #.# #.#..#
#.# #.#..######†#
#.#.........#
######.##.....####
...........##.#
.#########.##.# .#
#.##.#


You could see an adder.

Vanquished Creatures
  A dart slug (D:2)
  2 endoplasms (D:1)
  A giant cockroach (D:1)
  A goblin (D:1)
  3 hobgoblins (D:1)
  4 kobolds
  2 quokkas (D:1)
  2 ball pythons (D:1)
  4 bats
  A rat (D:1)
21 creatures vanquished.

Notes
Turn   | Place    | Note
-------+----------+-------------------------------------------
     0 | D:1      | bobarctor the Deep Elf Necromancer began the quest for the
                  | Orb.
     0 | D:1      | Reached XP level 1. HP: 10/10 MP: 6/6
    90 | D:1      | Reached skill level 5 in Necromancy
   169 | D:1      | Learned a level 1 spell: Animate Skeleton
   498 | D:1      | Reached XP level 2. HP: 14/15 MP: 6/8
  1102 | D:1      | Found a faded altar of an unknown god.
  1435 | D:2      | Slain by an adder

Illustrated notes

Levels and vault maps discovered:
D:1:      lightli_arrival_flooded_house, layout_rooms,
          shapermc_ecumenical_altar_mp_vishouse, minmay_stone_trees_medium,
          minmay_tetromino_t2
D:2:      layout_basic, patterned_corridor

Skill      XL: |  1  2 |
---------------+-------+-----
Necromancy     | 5 |  5.4
Spellcasting   | 4 |  4.0
Dodging        | |  2.5
Stealth        | |  2.4

Action                   || total
-------------------------++-------
 Cast: Pain              ||    38
Armor: Robe              ||     2
Dodge: Dodged            ||     5

Table legend: (Time is in decaauts)
 A = Elapsed time spent in this place.
 B = Non-inter-level travel time spent in this place.
 C = Inter-level travel time spent in this place.
 D = Time resting spent in this place.
 E = Time spent auto-exploring this place.
 F = Levels seen in this place.
 G = Mean time per level.
                   A        B        C        D        E       F      G
               +--------+--------+--------+--------+--------+-----+--------+
         Total |   1434 |   1413 |     21 |    455 |    841 |   2 |  717.0 |
       Dungeon |   1434 |   1413 |     21 |    455 |    841 |   2 |  717.0 |
               +--------+--------+--------+--------+--------+-----+--------+

Top non-repeatable levels by time:
     D:1: 1183 daAuts
     D:2: 250 daAuts
